 Dungeon Crawl Stone Soup version 0.29.0-13-gc9e81de378 (webtiles) character file.

Game seed: 5211072224489735050

48 Adrian566 the Conjurer (level 3, -2/14 HPs)
             Began as a Felid Conjurer on Sept 10, 2022.
             Shot with an arrow by a centaur (7 damage)
             ... on level 4 of the Dungeon.
             The game lasted 00:03:57 (3375 turns).

Adrian566 the Conjurer (Felid Conjurer)             Turns: 3375, Time: 00:03:57

Health: -2/14      AC:  1    Str:  3    XL:     3   Next: 50%
Magic:  8/8        EV: 17    Int: 21    God:
Gold:   201        SH:  0    Dex: 14    Spells: 7/8 levels left
                                        Lives:  0   Deaths: 1

rFire   . . .      SeeInvis +   (weapon unavailable)
rCold   . . .      Faith    .   (shield unavailable)
rNeg    . . .      Spirit   .   (body armour unavailable)
rPois   .          Reflect  .   (helmet unavailable)
rElec   .          Harm     .   (cloak unavailable)
rCorr   .          Rampage  .   (gloves unavailable)
Will    .....                   (boots unavailable)
Stlth   ++........              (no amulet)
HPRegen 0.04/turn               (no ring)
MPRegen 0.11/turn               (no ring)

@: quick
A: very small, claws 1, fangs 3, see invisible, speed 1, shaggy fur 1, stealthy
paws, no weapons or thrown items, no armour, multi-lived
a: no special abilities


You were on level 4 of the Dungeon.
You visited 1 branch of the dungeon, and saw 4 of its levels.

You collected 201 gold pieces.

Inventory:

Scrolls
 e - 2 scrolls of teleportation
 l - a scroll of blinking
 n - a scroll of silence {unknown}
 p - 2 scrolls of poison {unknown}
 q - a scroll of enchant armour {unknown}
Potions
 a - a potion of magic
 b - 2 potions of heal wounds
 d - 2 potions of attraction
 f - a potion of ambrosia {unknown}
 g - a potion of degeneration {unknown}
 h - 2 potions of curing {unknown}
 i - a potion of lignification {unknown}
 j - a potion of mutation {unknown}
 k - a potion of might {unknown}
 m - 2 potions of berserk rage {unknown}


   Skills:
 + Level 2.8 Dodging
 + Level 3.1 Stealth
 + Level 3.0 Spellcasting
 + Level 4.7 Conjurations


You had 7 spell levels left.
You knew the following spells:

 Your Spells              Type           Power      Damage    Failure   Level
a - Magic Dart            Conj           92%        1d7       1%          1

Your spell library contained the following spells:

 Spells                   Type           Power      Damage    Failure   Level
 Searing Ray              Conj           46%        2d6       3%          2
 Static Discharge         Conj/Air       13%        3-5/arc   8%          2
 Dazzling Flash           Conj/Hex       26%        N/A       16%         3
 Sublimation of Blood     Necr           3%         N/A       21%         2
 Wereblood                Tmut           3%         N/A       21%         2
 Fulminant Prism          Conj/Hex       6%         3d7       45%         4
 Iskenderun's Mystic Bla  Conj/Tloc      13%        2d5       45%         4
 Lightning Bolt           Conj/Air       6%         1d18      80%         5
 Summon Hydra             Summ           1%         N/A       100%        7
 Maxwell's Capacitive Co  Air            1%         ∞         100%        8


Dungeon Overview and Level Annotations

Branches:
Dungeon (4/15)
 Temple: D:4-7

Altars:
Vehumet

Annotations:
D:4 Edmund


Innate Abilities, Weirdness & Mutations

You have sharp claws.
You have razor-sharp teeth.
You have supernaturally acute eyesight. (SInv)
You cover ground quickly. (Speed+)
You are covered in fur. (AC +1)
Your paws help you pounce on unaware monsters.
You are incapable of wielding weapons or throwing items.
You cannot wear armour.
You gain extra lives every three experience levels.


Message History

Edmund hits you with a +3 flail of draining!
Ouch! That really hurt!
You die...
You feel drained.
You are now level 3!
You rejoin the land of the living...
Found a stone staircase leading down.
A ball python comes into view.
A ball python is nearby!
A ball python is nearby!
The magic dart hits the ball python!
You kill the ball python!
You can't see any susceptible monsters within range! (Use Z to cast anyway.)
You can't see any susceptible monsters within range! (Use Z to cast anyway.)
You can't see any susceptible monsters within range! (Use Z to cast anyway.)
A hobgoblin comes into view.
A hobgoblin is nearby!
A hobgoblin is nearby!
A hobgoblin is nearby!
The magic dart hits the hobgoblin.
You kill the hobgoblin!
You can't see any susceptible monsters within range! (Use Z to cast anyway.)
m - 2 orange potions (gained 1)
A goblin comes into view. It is wielding a +0 club.
A goblin is nearby!
A goblin is nearby!
A goblin is nearby!
The magic dart hits the goblin.
You kill the goblin!
You can't see any susceptible monsters within range! (Use Z to cast anyway.)
A centaur comes into view.
The centaur wields a +0 shortbow.
The centaur shoots an arrow.
The arrow hits you!
Ouch! That really hurt!
A centaur is nearby!
A centaur is nearby!
You are too injured to fight recklessly!
The centaur shoots an arrow.
The arrow hits you!
Ouch! That really hurt!
You die...

c## ..##
#..# #..#
#..#####
#..)...###
#.........
##@...#
#.....#
###...#
##..#
#..####
#....†##
#......#
#..†...#
##......#


You could see a centaur.

Vanquished Creatures
  An iguana (D:4)
  2 adders
  A dart slug (D:2)
  8 ball pythons
  4 endoplasms
  5 giant cockroaches
  5 goblins
  6 hobgoblins
  A quokka (D:2)
  5 bats
  2 frilled lizards (D:1)
  4 kobolds
  4 rats
48 creatures vanquished.

Vanquished Creatures (others)
  A fungus (D:1)
1 creature vanquished.

Grand Total: 49 creatures vanquished

Notes
Turn   | Place    | Note
-------+----------+-------------------------------------------
     0 | D:1      | Adrian566 the Felid Conjurer began the quest for the Orb.
     0 | D:1      | Reached XP level 1. HP: 7/7 MP: 4/4
     6 | D:1      | Noticed a killer bee
     6 | D:1      | Noticed a five-headed hydra
     6 | D:1      | Noticed a wolf
     7 | D:1      | Noticed a snapping turtle
     7 | D:1      | Noticed a black bear
    47 | D:1      | Found a faded altar of an unknown god.
   403 | D:1      | Reached skill level 4 in Conjurations
   416 | D:1      | Reached XP level 2. HP: 11/11 MP: 4/6
  1045 | D:2      | You fall into a shaft and drop 1 floor!
  1351 | D:3      | Reached XP level 3. HP: 14/14 MP: 5/7
  2464 | D:4      | Found a radiant altar of Vehumet.
  2898 | D:4      | Reached XP level 4. HP: 18/18 MP: 5/8
  3163 | D:4      | Noticed Edmund
  3329 | D:4      | Slain by Edmund
  3330 | D:4      | Reached XP level 3. HP: -2/11 MP: 1/8
  3374 | D:4      | Noticed a centaur
  3375 | D:4      | Shot with an arrow by a centaur

Illustrated notes

Levels and vault maps discovered:
D:1:      onia_arrival_zoo_common, layout_loops_ring,
          shapermc_ecumenical_altar_ellora
D:2:      layout_rooms
D:3:      layout_basic
D:4:      layout_layer_cave, fiery_altar_vehumet, sigmund_edmund_badplayer,
          uniq_grinder

Skill      XL: |  1  2  3  4 |
---------------+-------------+-----
Conjurations   | 4 |  4.7
Stealth        | 3 |  3.1
Spellcasting   | 3 |  3.0
Dodging        | |  2.8

Action                   |  1- 3 |  4- 6 || total
-------------------------+-------+-------++-------
Melee: Unarmed           |     4 |     6 ||    10
       Bite              |     1 |     1 ||     2
 Cast: Magic Dart        |    83 |    34 ||   117
Evoke: Wand              |       |     4 ||     4
  Use: Scroll            |     7 |       ||     7
       Potion            |       |     2 ||     2
Dodge: Dodged            |     4 |     6 ||    10
